 Dungeon Crawl Stone Soup version 0.23.0 (webtiles) character file.

Game seed: 2492449349690733198

286 xccam the Ruffian (level 6, -4/47 HPs)
             Began as a Draconian Transmuter on Feb 18, 2019.
             Was a Believer of Makhleb.
             Slain by a kobold
             ... wielding a +0 short sword
              (7 damage)
             ... on level 3 of the Dungeon.
             The game lasted 00:06:07 (1401 turns).

xccam the Ruffian (Draconian Transmuter)            Turns: 1401, Time: 00:06:07

Health: -4/47      AC:  6    Str: 13    XL:     6   Next: 8%
Magic:  7/9        EV: 12    Int: 14    God:    Makhleb [**....]
Gold:   111        SH:  0    Dex: 12    Spells: 6/9 levels left

rFire    . . .     SeeInvis .     - Unarmed
rCold    . . .     Gourm    .   (no shield)
rNeg     . . .     Faith    .   (armour unavailable)
rPois    .         Spirit   .   (helmet restricted)
rElec    .         Reflect  .   (no cloak)
rCorr    .         Harm     +   (no gloves)
MR       .....                  (no boots)
Stlth    +.........             g - amulet of harm
HPRegen  0.15/turn              (no ring)
MPRegen  0.11/turn              (no ring)

@: appendage (expiring)
A: unfitting armour, horns 2, cold-blooded, AC +6
a: End Transformation, Minor Destruction, Renounce Religion


You were on level 3 of the Dungeon.
You worshipped Makhleb.
Makhleb was pleased with you.
You were not hungry.
You had grown temporary horns.
You visited 1 branch of the dungeon, and saw 3 of its levels.

You collected 111 gold pieces.

Inventory:

Missiles
 a - 7 arrows
Armour
 h - a +1 shield
Jewellery
 g - an amulet of harm (around neck)
Wands
 i - a wand of paralysis (5)
 k - a wand of iceblast (10)
Scrolls
 b - a scroll of enchant armour
 d - 4 scrolls of teleportation
 m - a scroll of enchant weapon {unknown}
Potions
 e - 2 potions of haste {unknown}
 f - a potion of curing
 j - a potion of lignification {unknown}
Comestibles
 c - 8 rations
 l - 3 chunks of flesh


   Skills:
 - Level 1.1 Fighting
 - Level 1.7 Dodging
 + Level 5.5 Unarmed Combat
 - Level 2.0 Spellcasting
 + Level 4.4 Transmutations


You had 6 spell levels left.
You knew the following spells:

 Your Spells              Type           Power        Failure   Level  Hunger
a - Beastly Appendage     Tmut           ##....       3%          1    ##.....
b - Sticks to Snakes      Tmut           ##......     6%          2    ###....

Your spell library contained the following spells:

 Spells                   Type           Power        Failure   Level  Hunger
 Spider Form              Tmut/Pois      #.........   28%         3    ####...
 Ice Form                 Ice/Tmut       #.......     67%         4    #####..
 Blade Hands              Tmut           ##........   71%         5    ######.


Dungeon Overview and Level Annotations

Branches:
Dungeon (3/15)

Altars:
Fedhas
Makhleb
Qazlal


Innate Abilities, Weirdness & Mutations

Your plain brown scales are hard. (AC +6)
You cannot fit into any form of body armour.
You are cold-blooded and may be slowed by cold attacks.
You have a pair of horns on your head.


Message History

Your adder bites the bat but does no damage.
The hobgoblin hits you from afar with a +0 spear.
* * * LOW HITPOINT WARNING * * *
The kobold misses you. The bat completely misses you.
You miss the bat. The bat hits you but does no damage.
Your adder barely misses the bat.
The hobgoblin hits you from afar with a +0 spear.
* * * LOW HITPOINT WARNING * * *
The kobold hits you but does no damage.
Unknown command.
An ooze and a goblin come into view.
The ooze quivers.
The bat misses you. The kobold completely misses you.
Your adder completely misses the bat.
The ooze moves out of view.
Unknown command.
The bat hits you but does no damage.
Your adder bites the bat.
The bat dies!
Makhleb accepts your kill.
The kobold hits you with a +0 short sword.
You die...

. ...# #. ...# .## ...#
). #..######## . #
##?##.......).?..
...#.#Jg#..###...##....
#.$†##K..##.....#.......
#†g.@................
#..S..###..............
#...### #..............
...... ##.....##......
..##### ##.............
. ### #..............
....#.....>........
#...>....(.......
###.#.....#....÷.)


You could see an ooze, a hobgoblin, a goblin, a kobold and a friendly adder.

Vanquished Creatures
  A phantom (D:3)
  An ogre (D:2)
  Ijyb (D:3)
  7 adders
  3 dart slugs
  2 leopard geckos (D:3)
  A giant cockroach (D:1)
  4 goblins
  3 hobgoblins
  5 jackals (D:3)
  2 quokkas (D:2)
  3 ball pythons
  5 bats
  A frilled lizard (D:3)
  4 kobolds
  10 rats
53 creatures vanquished.

Vanquished Creatures (collateral kills)
  2 worms (D:2)
  An orc (D:3)
  A bat (D:3)
  A goblin (D:3)
  A hobgoblin (D:3)
  2 quokkas (D:3)
  A kobold (D:3)
  A rat (D:3)
10 creatures vanquished.

Grand Total: 63 creatures vanquished

Notes
Turn   | Place    | Note
-------+----------+-------------------------------------------
     0 | D:1      | xccam the Draconian Transmuter began the quest for the Orb.
     0 | D:1      | Reached XP level 1. HP: 16/16 MP: 3/3
   109 | D:1      | Reached XP level 2. HP: 20/23 MP: 5/5
   113 | D:1      | Learned a level 2 spell: Sticks to Snakes
   418 | D:2      | Noticed an ogre
   427 | D:2      | Killed an ogre
   427 | D:2      | Reached skill level 4 in Unarmed Combat
   427 | D:2      | Reached XP level 3. HP: 28/28 MP: 0/6
   427 | D:2      | Reached XP level 4. HP: 35/35 MP: 0/7
   836 | D:2      | Found a faded altar of an unknown god.
   858 | D:2      | Became a worshipper of Makhleb the Destroyer
   858 | D:2      | Reached * piety under Makhleb
   920 | D:2      | Found a stormy altar of Qazlal.
   923 | D:2      | Found a blossoming altar of Fedhas.
  1181 | D:3      | Noticed Ijyb
  1194 | D:3      | Paralysed by Ijyb for 4 turns
  1208 | D:3      | Paralysed by Ijyb for 5 turns
  1219 | D:3      | Killed Ijyb
  1219 | D:3      | Reached XP level 5. HP: 27/40 MP: 5/8
  1261 | D:3      | Noticed a phantom
  1287 | D:3      | Reached ** piety under Makhleb
  1302 | D:3      | Killed a phantom
  1302 | D:3      | Reached skill level 5 in Unarmed Combat
  1367 | D:3      | Reached XP level 6. HP: 14/47 MP: 9/9
  1401 | D:3      | Slain by a kobold

Skill      XL: |  1  2  3  4  5 |
---------------+----------------+-----
Unarmed Combat | 4 5 |  5.5
Transmutations | 3 4 |  4.4
Fighting       | |  1.1
Dodging        | |  1.7
Spellcasting   | |  2.0

Action                   |  1- 3 |  4- 6 || total
-------------------------+-------+-------++-------
Melee: Unarmed           |    61 |   145 ||   206
       Tailslap          |     4 |    11 ||    15
       Headbutt          |     1 |     4 ||     5
       Kick              |       |     7 ||     7
       Punch             |       |     1 ||     1
 Cast: Sticks to Snakes  |     2 |    14 ||    16
       Beastly Appendage |     1 |     5 ||     6
Evoke: Wand              |       |     2 ||     2
  Use: Scroll            |       |     4 ||     4
       Potion            |       |     1 ||     1
 Stab: Sleeping          |     1 |     1 ||     2
  Eat: Chunk             |       |     3 ||     3
Armor: Skin              |    29 |    51 ||    80
Dodge: Dodged            |    52 |   105 ||   157
